 Dungeon Crawl Stone Soup version 0.29.0-4-gdea44cf6ec (webtiles) character file.

Game seed: 10339083713849838072

51 qw the Chopper (level 3, -7/21 HPs)
             Began as a Tengu Warper on Aug 28, 2022.
             Mangled by Sigmund
             ... wielding a +0 scythe
              (10 damage)
             ... on level 2 of the Dungeon.
             The game lasted 00:00:10 (1430 turns).

qw the Chopper (Tengu Warper)                       Turns: 1430, Time: 00:00:11

Health: -7/21      AC:  8    Str: 13    XL:     3   Next: 81%
Magic:  7/7        EV:  6    Int: 13    God:
Gold:   48         SH:  0    Dex: 13    Spells: 6/6 levels left

rFire   . . .      SeeInvis .   Y - +0 broad axe
rCold   . . .      Faith    .   (no shield)
rNeg    . . .      Spirit   .   d - +0 chain mail
rPois   .          Reflect  .   (helmet restricted)
rElec   .          Harm     .   (no cloak)
rCorr   .          Rampage  .   (no gloves)
Will    .....                   (boots unavailable)
Stlth   ..........              (no amulet)
HPRegen 0.07/turn               (no ring)
MPRegen 0.10/turn               (no ring)

@: no status effects
A: beak, talons 3
a: no special abilities


You were on level 2 of the Dungeon.
You visited 1 branch of the dungeon, and saw 2 of its levels.

You collected 105 gold pieces.
You spent 57 gold pieces at shops.


Innate Abilities, Weirdness & Mutations

You have a beak for a mouth.
You have claws for feet.


   Skills:
 - Level 2.0 Fighting
 + Level 4.4 Axes
 - Level 1.0 Throwing
 - Level 1.1 Armour
 - Level 2.1 Dodging
 - Level 2.0 Spellcasting
 - Level 2.4 Translocations


You had 6 spell levels left.
You didn't know any spells.
Your spell library contained the following spells:

 Spells                   Type           Power      Damage    Failure   Level
 Blink                    Tloc           14%        N/A       99%         2
 Gell's Gravitas          Tloc           7%         N/A       100%        3
 Lesser Beckoning         Tloc           7%         N/A       100%        3
 Teleport Other           Tloc           7%         N/A       100%        3
 Manifold Assault         Tloc           7%         N/A       100%        5

Inventory:

Hand Weapons
 g - a +0 club
 Y - a +0 broad axe (weapon)
Armour
 d - a +0 chain mail (worn)
 m - a +0 cloak
Scrolls
 h - a scroll of vulnerability {unknown}
 i - a scroll of teleportation {unknown}
 j - 3 scrolls of identify {unknown}
 k - a scroll of summoning {unknown}
 l - a scroll of magic mapping {unknown}
Potions
 a - a potion of resistance {unknown}
 b - a potion of mutation {unknown}
 c - a potion of heal wounds {unknown}
 e - a potion of degeneration {unknown}
 f - a potion of might {unknown}

Dungeon Overview and Level Annotations

Branches:
Dungeon (2/15)

Altars:
Cheibriados

Shops:
D:2 *

Annotations:
D:2 Sigmund


Message History

You see here 5 stones.
An endoplasm comes into view.
Enter note: You hit the endoplasm.
You kill the endoplasm!
Found a stone staircase leading down.
m - a +0 cloak Sigmund and a giant cockroach come into view.
Sigmund shouts!
You hear an angry hiss.
1419 ||| Stepping ~*~*~tactically~*~*~ (hiding).
You start waiting.
Sigmund is nearby!
Sigmund hits you with a +0 scythe!
You slash Sigmund! You claw Sigmund.
Sigmund is heavily wounded.
A quokka comes into view.
Sigmund points at you and mumbles some strange words.
The magic dart hits you but does no damage.
You barely miss Sigmund. You peck Sigmund, but do no damage.
Sigmund is heavily wounded.
Sigmund casts a spell.
Sigmund flickers and vanishes!
Deactivating autopickup; reactivate with Ctrl-A.
The giant cockroach waves its antennae.
You slash something! Something hits you.
You miss something. Your kick misses something. Your peck misses something.
You hear some strange, mumbled words.
A puff of flame appears from out of thin air!
The puff of flame hits you but does no damage.
Something hits you!
You barely miss something. Your peck misses something.
An adder comes into view.
1428 ||| Stepping ~*~*~tactically~*~*~ (stealth).
Something hits you but does no damage.
You swing at nothing.
Something hits you but does no damage.
You swing at nothing.
Something hits you!
You die...

#### ...
##################.###..#
................@.>.....#
##################{####.#
B# rS .## .. .. ..


There were no monsters in sight!

Vanquished Creatures
  2 dart slugs
  4 ball pythons
  2 bats (D:2)
  7 endoplasms
  2 giant cockroaches (D:1)
  4 goblins
  6 hobgoblins
  2 jackals (D:1)
  2 quokkas (D:1)
  5 frilled lizards
  2 kobolds
  2 rats (D:1)
40 creatures vanquished.

Notes
Turn   | Place    | Note
-------+----------+-------------------------------------------
     0 | D:1      | qw the Tengu Warper began the quest for the Orb.
     0 | D:1      | Reached XP level 1. HP: 12/12 MP: 4/4
     0 | D:1      | 0 ||| qw: Version: 0.1-a-89-g26bdef1
     0 | D:1      | 0 ||| qw: Game counter: 3319
     0 | D:1      | 0 ||| qw: Always use a shield: true
     0 | D:1      | 0 ||| qw: God list: Okawaru
     0 | D:1      | 0 ||| qw: Allow faded altars: false
     0 | D:1      | 0 ||| qw: Do Orc after D:15 true
     0 | D:1      | 0 ||| qw: Do second Lair branch before Depths: true
     0 | D:1      | 0 ||| qw: Lair rune preference: random
     0 | D:1      | 0 ||| qw: Plans: Normal
     0 | D:1      | 0 ||| PLANNING D:1-11
    75 | D:1      | 75 ||| Stepping ~*~*~tactically~*~*~ (hiding).
   177 | D:1      | 177 ||| Stepping ~*~*~tactically~*~*~ (hiding).
   179 | D:1      | 179 ||| Stepping ~*~*~tactically~*~*~ (hiding).
   182 | D:1      | 182 ||| Stepping ~*~*~tactically~*~*~ (hiding).
   184 | D:1      | 184 ||| Stepping ~*~*~tactically~*~*~ (hiding).
   189 | D:1      | Reached skill level 3 in Axes
   189 | D:1      | Reached XP level 2. HP: 13/17 MP: 6/6
   384 | D:1      | 384 ||| Stepping ~*~*~tactically~*~*~ (stealth).
   386 | D:1      | 386 ||| Stepping ~*~*~tactically~*~*~ (stealth).
   387 | D:1      | 387 ||| Stepping ~*~*~tactically~*~*~ (stealth).
   399 | D:1      | 399 ||| Stepping ~*~*~tactically~*~*~ (stealth).
   402 | D:1      | 402 ||| Stepping ~*~*~tactically~*~*~ (stealth).
   424 | D:1      | 424 ||| Stepping ~*~*~tactically~*~*~ (stealth).
   430 | D:1      | Reached XP level 3. HP: 21/21 MP: 7/7
   521 | D:1      | 521 ||| SWAPPING to +0 broad axe.
   522 | D:1      | 522 ||| DROPPING +0 hand axe.
   553 | D:1      | 553 ||| Stepping ~*~*~tactically~*~*~ (stealth).
   558 | D:1      | 558 ||| Stepping ~*~*~tactically~*~*~ (stealth).
   559 | D:1      | 559 ||| Stepping ~*~*~tactically~*~*~ (stealth).
   564 | D:1      | Reached skill level 4 in Axes
   570 | D:1      | HP: 5/21 [kobold/+0 club (3)]
   946 | D:1      | 946 ||| UPGRADING to +0 chain mail.
   956 | D:1      | 956 ||| DROPPING +0 leather armour.
   957 | D:1      | 957 ||| READING 4 scrolls labelled JOXUIR WONA.
   958 | D:1      | 958 ||| DROPPING scroll of blinking.
   959 | D:1      | 959 ||| DROPPING 3 scrolls of immolation.
   990 | D:2      | 990 ||| Stepping ~*~*~tactically~*~*~ (hiding).
  1145 | D:2      | Found a snail-covered altar of Cheibriados.
  1348 | D:2      | Found Xaritzar's Assorted Antiques.
  1359 | D:2      | 1359 ||| SHOPLISTING glowing flail (123 gold, have 105).
  1359 | D:2      | 1359 ||| SHOPLISTING glowing plate armour (494 gold, have
                  | 105).
  1359 | D:2      | 1359 ||| BUYING scroll labelled EMONANGU GUET (19 gold).
  1359 | D:2      | Bought a scroll labelled EMONANGU GUET for 19 gold pieces
  1359 | D:2      | 1359 ||| BUYING scroll labelled GUGOXO JIAPTO (19 gold).
  1359 | D:2      | Bought a scroll labelled GUGOXO JIAPTO for 19 gold pieces
  1359 | D:2      | 1359 ||| BUYING scroll labelled GUGOXO JIAPTO (19 gold).
  1359 | D:2      | Bought a scroll labelled GUGOXO JIAPTO for 19 gold pieces
  1359 | D:2      | 1359 ||| SHOPLISTING smouldering morningstar (171 gold,
                  | have 48).
  1418 | D:2      | Noticed Sigmund
  1419 | D:2      | 1419 ||| Stepping ~*~*~tactically~*~*~ (hiding).
  1426 | D:2      | HP: 2/21 [something (8)]
  1428 | D:2      | 1428 ||| Stepping ~*~*~tactically~*~*~ (stealth).
  1430 | D:2      | Mangled by Sigmund

Levels and vault maps discovered:
D:1:      mrwooster_arrival_statue_2, layout_rooms
D:2:      layout_basic, basic_altar, serial_shops, nicolae_diamond_shop,
          uniq_sigmund

Skill      XL: |  1  2  3 |
---------------+----------+-----
Axes           | 3 4 |  4.4
Fighting       | |  2.0
Throwing       | |  1.0
Armour         | |  1.1
Dodging        | |  2.1
Spellcasting   | |  2.0
Translocations | |  2.4

Action                   || total
-------------------------++-------
Melee: Hand axe          ||    31
       Kick              ||    16
       Peck              ||    10
       Broad axe         ||    45
       Punch             ||     1
Throw: Boomerang         ||     7
  Use: Scroll            ||     1
Armor: Leather armour    ||    11
       Chain mail        ||    21
Dodge: Dodged            ||    28

Table legend:
 A = Non-vault XP
 B = Vault XP
 C = Vault XP percentage of total XP
 D = Non-vault monster count
 E = Vault monster count
 F = Vault count percentage of total count
                 A         B        C        D         E       F
            +---------+---------+-------+---------+---------+-------
      Total |      73 |       0 |   0.0 |      40 |       0 |   0.0
            +---------+---------+-------+---------+---------+-------
        D:1 |      54 |       0 |   0.0 |      30 |       0 |   0.0
        D:2 |      19 |       0 |   0.0 |      10 |       0 |   0.0
            +---------+---------+-------+---------+---------+-------
